 Dungeon Crawl Stone Soup version 0.22-b1-59-g0aedee734a (webtiles) character file.

72 Kirk the Magician (level 4, 30/30 HPs)
             Began as a Demonspawn Wizard on Aug 9, 2018.
             Quit the game on level 2 of the Dungeon.
             The game lasted 00:03:26 (1248 turns).

Kirk the Magician (Demonspawn Wizard)               Turns: 1248, Time: 00:03:26

Health: 30/30      AC:  2    Str:  8    XL:     4   Next: 7%
Magic:  1/10       EV: 12    Int: 20    God:
Gold:   47         SH:  4    Dex: 11    Spells: 2/11 levels left

rFire    . . .     SeeInvis .   i - +0 dagger
rCold    + . .     Gourm    .   (no shield)
rNeg     . . .     Faith    .   a - +0 robe
rPois    .         Spirit   .   b - +0 hat
rElec    .         Reflect  +   (no cloak)
rCorr    .         Harm     .   (no gloves)
MR       .....                  (no boots)
Stlth    ++........             g - +4 amulet of reflection
HPRegen  2.10/turn              (no ring)
MPRegen  0.12/turn              (no ring)

@: no status effects
A: cold resistance 1, powered by death 2
a: no special abilities


You were on level 2 of the Dungeon.
You were not hungry.

You visited 1 branch of the dungeon, and saw 2 of its levels.

You collected 47 gold pieces.

Inventory:

Hand Weapons
 i - a +0 dagger (weapon)
Armour
 a - a +0 robe (worn)
 b - a +0 hat (worn)
Jewellery
 g - a +4 amulet of reflection (around neck)
Scrolls
 c - a scroll of magic mapping {unknown}
 f - a scroll of immolation {unknown}
 h - a scroll of identify {unknown}
 j - a scroll of teleportation {unknown}
Potions
 e - a potion of ambrosia {unknown}
Comestibles
 d - 2 rations


   Skills:
 + Level 0.4 Short Blades
 - Level 1.7 Dodging
 - Level 1.7 Stealth
 + Level 4.2 Spellcasting
 * Level 2.2 Conjurations
   Level 1.0 Summonings
 + Level 0.8 Translocations


You had 2 spell levels left.
You knew the following spells:

 Your Spells              Type           Power        Failure   Level  Hunger
a - Magic Dart            Conj           ##..         4%          1    None
b - Blink                 Tloc           N/A          14%         2    #......
c - Conjure Flame         Conj/Fire      #.......     24%         3    ###....
d - Mephitic Cloud        Conj/Pois/Air  #.......     28%         3    ###....

Your spell library contained the following spells:

 Spells                   Type           Power        Failure   Level  Hunger
 Slow                     Hex            #.......     19%         2    #......
 Confuse                  Hex            #.......     36%         3    ###....
 Call Imp                 Summ           #.......     13%         2    #......
 Confusing Touch          Hex            #.....       13%         1    None
 Metabolic Englaciation   Hex/Ice        #.........   98%         5    ######.
 Petrify                  Tmut/Erth      #.......     77%         4    ####...
 Gell's Gravitas          Tloc           #.........   26%         3    ###....
 Yara's Violent Unravell  Hex/Tmut       #.........   98%         5    ######.


Dungeon Overview and Level Annotations

Branches:
Dungeon (2/15)

Altars:
Okawaru


Innate Abilities, Weirdness & Mutations

Your flesh is cold resistant. (rC+)
You regenerate health from kills.


Message History

Jessica barely misses you.
You closely miss Jessica.
Jessica is almost dead.
You block Jessica's attack.
You closely miss Jessica.
Jessica is almost dead.
Jessica completely misses you.
You closely miss Jessica.
Jessica is almost dead.
Jessica gestures wildly while chanting.
Jessica seems to speed up.
You hit Jessica.
You kill Jessica!
Your Conjurations skill increases to level 2!
You have reached level 4!
You feel stronger.
Your demonic ancestry asserts itself...
You feel resistant to cold.
Things that are here:
a robe; the human corpse of Jessica Are you sure you want to abandon this character and quit the game? (Confirm with "yes".)

.####.........#
....'.........'... .
.####..........###. # ##
##.......#..##. .## #
##...†.###... ... #
##...## #..##.## # ##+##
#..#...#.. # #.#
#......... #
###.#####.@.._.... #
#......#..........
#######....#.....#...#..
.......†.....###.##.##
.##.###....#.# #......
.#...##.#.##.# ###...#%
........†..... .... #
.######>####<## ####
........# #.#


There were no monsters in sight!

Vanquished Creatures
  Jessica (D:2)
  An adder (D:2)
  An ooze (D:1)
  3 dart slugs
  A giant cockroach (D:2)
  A goblin (D:1)
  2 hobgoblins
  3 jackals (D:1)
  2 kobolds
  A quokka (D:2)
  4 bats
  3 frilled lizards
  7 rats
30 creatures vanquished.

Notes
Turn   | Place    | Note
-------+----------+-------------------------------------------
     0 | D:1      | Kirk the Demonspawn Wizard began the quest for the Orb.
     0 | D:1      | Reached XP level 1. HP: 13/13 MP: 4/4
   151 | D:1      | Gained mutation: You regenerate a little health from kills. [demonic ancestry]
   151 | D:1      | Reached XP level 2. HP: 10/19 MP: 0/6
   879 | D:2      | Gained mutation: You regenerate health from kills. [demonic ancestry]
   879 | D:2      | Reached XP level 3. HP: 24/24 MP: 0/8
   973 | D:2      | Learned a level 2 spell: Blink
   977 | D:2      | Learned a level 3 spell: Conjure Flame
   981 | D:2      | Learned a level 3 spell: Mephitic Cloud
  1220 | D:2      | Reached skill level 4 in Spellcasting
  1233 | D:2      | Found an iron altar of Okawaru.
  1236 | D:2      | Noticed Jessica
  1246 | D:2      | Killed Jessica
  1246 | D:2      | Gained mutation: Your flesh is cold resistant. (rC+) [demonic ancestry]
  1246 | D:2      | Reached XP level 4. HP: 26/30 MP: 0/10
  1248 | D:2      | Quit the game

Skill      XL: |  1  2  3 |
---------------+----------+-----
Spellcasting   | 4 |  4.2
Conjurations   | 2 |  2.2
Short Blades   | |  0.4
Dodging        | |  1.7
Stealth        | |  1.7
Summonings     | |  1.0
Translocations | |  0.8

Action                   |  1- 3 |  4- 6 || total
-------------------------+-------+-------++-------
Melee: Dagger            |    30 |       ||    30
 Cast: Magic Dart        |    71 |       ||    71
  Eat: Chunk             |     1 |       ||     1
Armor: Robe              |     3 |       ||     3
Dodge: Dodged            |    27 |       ||    27
Block: Other             |     6 |       ||     6
